 Dungeon Crawl Stone Soup version 0.27-a0-488-g88baaf19db (webtiles) character file.

Game seed: 10959014674658625728

114361 Atvar the Spry (level 16, 73/73 HPs)
             Began as a Felid Warper on Feb 16, 2021.
             Was the Champion of Ru.
             Quit the game on level 1 of the Snake Pit on Mar 1, 2021.
             The game lasted 03:48:14 (36418 turns).

Atvar the Spry (Felid Warper)                      Turns: 36418, Time: 03:48:14

Health: 73/73      AC:  3    Str: 13    XL:     16   Next: 16%
Magic:  26/26      EV: 40    Int: 17    God:    Ru [******]
Gold:   1845       SH:  0    Dex: 25    Spells: 10/27 levels left
                                        Lives:  2   Deaths: 0

rFire    . . .     SeeInvis +     - Unarmed
rCold    + . .     Faith    .   (shield unavailable)
rNeg     + . .     Spirit   .   (armour unavailable)
rPois    +         Reflect  .   (helmet unavailable)
rElec    .         Harm     .   (cloak unavailable)
rCorr    .         Rampage  .   (gloves unavailable)
Will     +++..                  (boots unavailable)
Stlth    +++++.....             i - amulet of regeneration
HPRegen  1.22/turn              E - ring of Peuxkuot {rPois rN+ Will+ Str+5}
MPRegen  0.20/turn              B - +6 ring of dexterity

@: quick
A: very small, no armour, no weapons or thrown items, stealth, claws 1, fangs 3,
see invisible, speed 1, shaggy fur 3, inability to read while threatened, hated
by all, cowardly, unskilled 1, sharp paws, missing an eye
a: Renounce Religion, Draw Out Power, Power Leap, Apocalypse


You were on level 1 of the Snake Pit.
You worshipped Ru.
Ru was exalted by your worship.
You visited 5 branches of the dungeon, and saw 25 of its levels.
You also visited: Bailey and Ice Cave.

You collected 3555 gold pieces.
You spent 1710 gold pieces at shops.

Inventory:

Jewellery
 i - an amulet of regeneration (around neck)
 o - a ring of flight
 r - a ring of ice
 v - a ring of protection from cold
 y - a +4 ring of protection
 A - a +4 ring of protection
 B - a +6 ring of dexterity (right paw)
 D - a ring of resist corrosion
 E - the ring of Peuxkuot (left paw) {rPois rN+ Will+ Str+5}
   (You bought it in a shop on level 2 of the Orcish Mines)

   [ring of poison resistance]

   It affects your strength (+5).
   It protects you from poison.
   It protects you from negative energy.
   It affects your willpower, your defense against some magical effects.
Wands
 h - a wand of random effects (18) (quivered)
 l - a wand of flame (10)
 m - a wand of digging (7)
 t - a wand of paralysis (7)
 C - a wand of polymorph (32)
 K - a wand of acid (10)
 L - a wand of iceblast (10)
 M - a wand of mindburst (8)
Scrolls
 a - a scroll of vulnerability
 b - 7 scrolls of blinking
 d - 4 scrolls of magic mapping
 e - 8 scrolls of immolation
 g - 2 scrolls of fog
 n - 8 scrolls of teleportation
 q - 2 scrolls of amnesia
 w - a scroll of holy word
 F - 3 scrolls of fear
 I - a scroll of torment
 J - 3 scrolls of identify
Potions
 c - 2 potions of flight
 f - 5 potions of heal wounds
 j - 6 potions of curing
 k - a potion of attraction
 p - a potion of magic
 s - 2 potions of cancellation
 x - 2 potions of lignification
 z - a potion of mutation
 G - a potion of resistance
 H - 2 potions of might
 N - a potion of brilliance
 O - a potion of ambrosia {unknown}
Miscellaneous
 u - a condenser vane


   Skills:
 - Level 10.0 Fighting
 - Level 16.0 Dodging
 - Level 10.0 Stealth
 * Level 15.7 Unarmed Combat
 - Level 6.0 Spellcasting
 - Level 3.6 Conjurations
 - Level 9.2 Hexes
 - Level 10.2 Translocations
 - Level 3.6 Ice Magic
 - Level 5.0 Evocations


You had 10 spell levels left.
You knew the following spells:

 Your Spells              Type           Power        Failure   Level
a - Confusing Touch       Hex            36%          1%          3
b - Ensorcelled Hibernat  Hex/Ice        52%          1%          2
c - Manifold Assault      Tloc           40%          1%          4
d - Dazzling Flash        Conj/Hex       52%          2%          3
e - Teleport Other        Tloc           40%          1%          3
f - Blink                 Tloc           N/A          1%          2

Your spell library contained the following spells:

 Spells                   Type           Power        Failure   Level
 Apportation              Tloc           80%          1%          1
 Corona                   Hex            40%          1%          1
 Gell's Gravitas          Tloc           20%          1%          3
 Lesser Beckoning         Tloc           20%          1%          3
 Pain                     Necr           20%          13%         1
 Leda's Liquefaction      Hex/Erth       10%          19%         4
 Metabolic Englaciation   Hex/Ice        13%          26%         5
 Vampiric Draining        Necr           2%           36%         3
 Invisibility             Hex            36%          41%         6
 Ice Form                 Ice/Tmut       11%          52%         4
 Agony                    Necr           5%           98%         5
 Alistair's Intoxication  Tmut/Pois      3%           98%         5
 Freezing Cloud           Conj/Ice/Air   6%           100%        6
 Ozocubu's Refrigeration  Ice            8%           100%        7
 Tukima's Dance           Hex            Unusable     N/A         3
 Summon Guardian Golem    Hex/Summ       Unusable     N/A         3
 Animate Skeleton         Necr           Unusable     N/A         1
 Summon Small Mammal      Summ           Unusable     N/A         1
 Call Imp                 Summ           Unusable     N/A         2
 Call Canine Familiar     Summ           Unusable     N/A         3
 Summon Ice Beast         Ice/Summ       Unusable     N/A         4
 Animate Dead             Necr           Unusable     N/A         4
 Summon Lightning Spire   Summ/Air       Unusable     N/A         4
 Simulacrum               Ice/Necr       Unusable     N/A         6

Dungeon Overview and Level Annotations

Branches:
Dungeon (15/15)            Temple (1/1) D:4            Lair (6/6) D:8
 Shoals (0/4) Lair:2        Snake (1/4) Lair:3        Slime (0/5) Lair:6
    Orc (2/2) D:11            Elf (0/3) Orc:2        Vaults (0/5) D:14
 Depths (0/5) D:15         Bailey (visited)           IceCv (visited)

Altars:
Ashenzari
Cheibriados
Dithmenos
Elyvilon
Fedhas
Gozag
Hepliaklqana
Kikubaaqudgha
Makhleb
Nemelex Xobeh
Okawaru
Qazlal
Ru
Sif Muna
Trog
Uskayaw
Vehumet
Wu Jian
Xom
Yredelemnul
Zin
The Shining One

Shops:
D:5 *   Orc:2 :=?*

Annotations:
D:2 Sigmund
D:6 1 runed translucent door, Crazy Yiuf
Lair:1 1 runed translucent door, exclusions: 2 hydras and 1 more exclusion
Lair:2 exclusion: oklob plant


Innate Abilities, Weirdness & Mutations

You cannot wear armour.
You are incapable of wielding weapons or throwing items.
Your paws allow you to move quietly. (Stealth)
You have sharp claws.
You have razor-sharp teeth.
You have supernaturally acute eyesight. (SInv)
You cover ground quickly.
Your thick and shaggy fur keeps you warm. (AC +3, rC+)
You cannot read scrolls while threatened.
You are hated by all.
Your cowardice makes you less effective in combat with threatening monsters.
You are somewhat unskilled. (-1 Apt)
Your sharp claws are effective at attacking unaware monsters.
You are missing an eye, making it more difficult to aim.


Message History

Things that are here:
a +0 dagger of venom; a +0 robe HP restored.
You see here a +0 short sword.
You start resting.
A naga warrior is nearby!
Casting: Ensorcelled Hibernation (safe; 1% risk of failure)
Confirm with . or Enter, or press ? or * to list all spells.
Your paws begin to glow red.
The naga warrior shouts!
You scratch the naga warrior but do no damage.
The naga warrior appears confused.
The naga warrior is moderately wounded.
You pounce on the helpless naga warrior from behind!
You eviscerate the naga warrior!!!
You kill the naga warrior!
Your life force feels restored.
You start resting.
HP restored.
Magic restored.
Done exploring.
There is an open door here.
There is a stone staircase leading down here.
Saving game... please wait.
Welcome back, Atvar the Felid Warper.
Ru says: Cut away your false body!
Press ? for a list of commands and other information.
Saving game... please wait.
Welcome back, Atvar the Felid Warper.
Ru says: Cut away your false body!
Press ? for a list of commands and other information.
Saving game... please wait.
Welcome back, Atvar the Felid Warper.
Ru says: Cut away your false body!
Press ? for a list of commands and other information.
Okay, then.
Saving game... please wait.
Welcome back, Atvar the Felid Warper.
Ru says: Cut away your false body!
Press ? for a list of commands and other information.
Are you sure you want to abandon this character and quit the game? (Confirm with "yes".)

############# #.....#
#...........# #.....##
#.#########.# #.....#.
#.# #......# #.....#.
#.# #......#####.......
#.# #.........รท####'#..
#.# ####...###.####....
#.#####.........).......
#......@................
######.##############...
#.# #..# #.# #..# #.#
#... #.# #.## #.# #.#.
#.# #.#. #.# #.#.


There were no monsters in sight!

Vanquished Creatures
  2 dire elephants (Lair:6)
  An ettin (Orc:2)
  A hydra (D:15)
  5 naga warriors (Snake:1)
  4 boulder beetles
  5 anacondas
  2 ogre magi (Orc:2)
  3 centaur warriors
  2 tengu warriors (D:13)
  14 two-headed ogres
  A death knight (D:13)
  8 death yaks
  3 naga sharpshooters (Snake:1)
  4 skeletal warriors (D:15)
  2 deep trolls (Orc:2)
  2 naga ritualists (Snake:1)
  A lindwurm (Lair:4)
  Pikel (D:6)
  2 mana vipers (Snake:1)
  An orc knight (D:11)
  10 ugly things
  An oklob plant (Lair:6)
  A manticore (D:13)
  2 cyclopes (Orc:2)
  39 elephants
  A guardian serpent (Snake:1)
  13 black mambas
  A naga mage (Snake:1)
  A torpor snail (Lair:4)
  12 cane toads
  A gargoyle (D:12)
  3 freezing wraiths
  An efreet (D:14)
  A kobold demonologist (D:12)
  5 rime drakes
  2 ice devils (Lair:3)
  10 komodo dragons
  10 trolls
  2 tengu conjurers
  20 polar bears
  2 hornets (D:12)
  2 slime creatures (D:13)
  A snapping turtle (Lair:2)
  3 dream sheep (Lair:4)
  6 blink frogs
  4 vampires
  A shadow (D:12)
  A wraith (D:13)
  67 yaks
  4 basilisks
  5 wyverns
  A steam dragon (Lair:2)
  7 vampire mosquitoes
  5 wargs
  3 soldier ants
  15 water moccasins
  12 nagas
  2 ice beasts
  22 orc warriors
  4 sky beasts
  2 black bears
  2 eyes of draining (D:14)
  A necrophage (D:11)
  23 ogres
  3 lemures (D:5)
  36 wolves
  10 centaurs
  3 kobold brigands
  2 phantoms
  18 bullfrogs
  8 gnoll sergeants (Bailey)
  A wyvern zombie (D:7)
  A wyvern skeleton (D:12)
  2 scorpions
  19 killer bees
  2 howler monkeys
  5 wights (D:9)
  3 electric eels
  3 bullfrog zombies
  4 centaur zombies
  12 hounds
  6 jellies
  A quasit (D:11)
  4 bullfrog skeletons
  14 orc priests
  6 centaur skeletons
  6 gnoll shamans (Bailey)
  6 iguanas
  27 orc wizards
  8 worker ants
  A killer bee zombie (D:5)
  A hound skeleton (D:9)
  2 howler monkey skeletons
  A worker ant zombie (D:9)
  17 gnolls
  9 adders
  A shadow imp (D:6)
  2 white imps
  An ufetubus (D:7)
  2 oozes
  2 adder zombies
  An adder skeleton (D:8)
  5 worms (D:2)
  4 dart slugs
  5 leopard geckos
  97 orcs
  8 bats
  5 giant cockroaches
  10 goblins
  12 hobgoblins
  6 jackals
  27 kobolds
  7 quokkas
  A ball python (D:2)
  6 frilled lizards
  A quokka skeleton (D:4)
  A quokka zombie (D:5)
  4 rats
844 creatures vanquished.

Vanquished Creatures (collateral kills)
  3 orcs
3 creatures vanquished.

Vanquished Creatures (others)
  A lindwurm (Lair:5)
  2 meliai zombies
  2 dancing weapons (D:8)
  A vampire mosquito (D:13)
  An ogre (Orc:2)
  A wolf (IceCv)
  A centaur (D:9)
  An adder (D:7)
  2 bushes
  57 fungi
  81 plants
  8 toadstools (Lair:1)
158 creatures vanquished.

Grand Total: 1005 creatures vanquished

Notes
Turn   | Place    | Note
-------+----------+-------------------------------------------
     0 | D:1      | Atvar the Felid Warper began the quest for the Orb.
     0 | D:1      | Reached XP level 1. HP: 9/9 MP: 4/4
   326 | D:1      | Reached XP level 2. HP: 13/13 MP: 6/6
   334 | D:1      | Reached skill level 1 in Stealth
   559 | D:1      | Learned a level 2 spell: Blink
  1040 | D:1      | Reached XP level 3. HP: 14/16 MP: 7/7
  1116 | D:1      | Learned a level 3 spell: Teleport Other
  2665 | D:2      | Reached XP level 4. HP: 21/21 MP: 8/8
  3287 | D:2      | Noticed Sigmund
  4392 | D:3      | Found a bloodstained altar of Trog.
  5079 | D:4      | Reached XP level 5. HP: 16/24 MP: 9/9
  5139 | D:3      | Learned a level 4 spell: Manifold Assault
  5404 | D:4      | Reached skill level 5 in Translocations
  5787 | D:4      | Found a staircase to the Ecumenical Temple.
  5797 | Temple   | Entered the Ecumenical Temple
  6069 | Temple   | Became a worshipper of Ru the Awakened
  6140 | D:5      | Entered Level 5 of the Dungeon
  6148 | D:5      | Gained mutation: You are covered in thick fur. (AC +2)
                  | [Felid growth]
  6148 | D:5      | Reached XP level 6. HP: 28/28 MP: 11/11
  6220 | D:5      | Found Saisop's Assorted Antiques.
  6223 | D:5      | Bought a scroll labelled ZEECEABARE for 25 gold pieces
  6223 | D:5      | Bought a bubbling purple potion for 22 gold pieces
  6223 | D:5      | Bought a scroll labelled FITEYGG CEDAU for 25 gold pieces
  6223 | D:5      | Bought a scroll labelled DUIRAG ZIUW for 25 gold pieces
  6475 | D:5      | Reached skill level 5 in Unarmed Combat
  6677 | D:5      | Learned a level 3 spell: Gell's Gravitas
  7134 | D:6      | Noticed Pikel
  7370 | D:6      | Acquired the Disquisition on the Oath
  7378 | D:6      | Found an opulent altar of Gozag.
  7379 | D:6      | Found a sparkling altar of Nemelex Xobeh.
  7379 | D:6      | Found a stormy altar of Qazlal.
  7383 | D:6      | Found a burning altar of Makhleb.
  7499 | D:6      | Killed Pikel
  7500 | D:6      | Reached skill level 5 in Spellcasting
  7500 | D:6      | Reached XP level 7. HP: 31/31 MP: 12/15
  7504 | D:6      | Learned a level 3 spell: Tukima's Dance
  7507 | D:6      | Learned a level 2 spell: Ensorcelled Hibernation
  7770 | D:6      | Reached skill level 1 in Ice Magic
  7770 | D:6      | Reached XP level 8. HP: 34/34 MP: 16/16
  8036 | D:6      | Reached skill level 5 in Hexes
  8037 | D:6      | Gained mutation: You cannot read scrolls while threatened.
                  | [Ru sacrifice]
  8037 | D:6      | Reached * piety under Ru
  8405 | D:6      | Reached skill level 1 in Evocations
  8418 | D:6      | Found a runed translucent door.
  8419 | D:6      | Noticed Crazy Yiuf
  9294 | D:7      | Found a blossoming altar of Fedhas.
  9687 | D:8      | Reached skill level 4 in Dodging
  9776 | D:8      | Found a glowing golden altar of the Shining One.
  9928 | D:8      | Found a staircase to the Lair.
 10062 | D:8      | Reached XP level 9. HP: 39/39 MP: 0/17
 11019 | D:9      | Found a shimmering altar of Xom.
 11067 | D:9      | Gained mutation: You are hated by all. [Ru sacrifice]
 11067 | D:9      | Reached ** piety under Ru
 11067 | D:9      | Reached *** piety under Ru
 11259 | D:9      | Reached skill level 5 in Fighting
 11466 | D:9      | Reached skill level 5 in Dodging
 11769 | D:9      | Reached skill level 10 in Translocations
 11791 | D:9      | Reached skill level 5 in Stealth
 12247 | D:9      | Reached skill level 6 in Dodging
 12435 | D:9      | Reached skill level 7 in Dodging
 12824 | D:9      | Reached skill level 8 in Dodging
 13230 | D:10     | Entered Level 10 of the Dungeon
 13245 | D:10     | Found a flagged portal.
 13331 | Bailey   | Entered a bailey
 13343 | Bailey   | Reached XP level 10. HP: 45/45 MP: 2/18
 13605 | Bailey   | Reached skill level 9 in Dodging
 14073 | Bailey   | Reached skill level 10 in Dodging
 14133 | Bailey   | Gained mutation: Your cowardice makes you less effective in
                  | combat with threatening monsters. [Ru sacrifice]
 14133 | Bailey   | Reached **** piety under Ru
 14613 | D:8      | Upgraded the game from 0.27-a0-364-g31b3477d74 to
                  | 0.27-a0-380-g150de4c316
 14615 | Lair:1   | Entered Level 1 of the Lair of Beasts
 14629 | Lair:1   | Learned a level 3 spell: Confusing Touch
 14673 | Lair:1   | Noticed a seven-headed hydra
 14738 | Lair:1   | Noticed a black mamba
 14748 | Lair:1   | Killed a black mamba
 14887 | Lair:1   | Noticed a seven-headed hydra
 15021 | Lair:1   | Noticed a cane toad
 15107 | Lair:1   | Learned a level 3 spell: Dazzling Flash
 15262 | Lair:1   | Noticed a four-headed hydra
 15273 | Lair:1   | Killed a cane toad
 15292 | Lair:1   | Noticed a catoblepas
 15292 | Lair:1   | Noticed a catoblepas
 15305 | Lair:1   | Noticed an elephant
 15313 | Lair:1   | Found a runed translucent door.
 15388 | Lair:2   | Found a gate leading to a gauntlet.
 15523 | Lair:2   | Noticed a cane toad
 15530 | Lair:2   | Killed a cane toad
 15782 | Lair:2   | Noticed an elephant
 15782 | Lair:2   | Noticed an elephant
 15783 | Lair:2   | Noticed an elephant
 15783 | Lair:2   | Noticed an elephant
 15783 | Lair:2   | Noticed an elephant
 15801 | Lair:2   | You fall into a shaft and drop 1 floor!
 15816 | Lair:3   | Noticed a black mamba
 15823 | Lair:3   | Killed a black mamba
 15824 | Lair:3   | Reached skill level 1 in Conjurations
 15824 | Lair:3   | Reached XP level 11. HP: 48/48 MP: 16/19
 16037 | Lair:3   | Found a frozen archway.
 16145 | IceCv    | Entered an ice cave
 16523 | IceCv    | Gained mutation: You are missing an eye, making it more
                  | difficult to aim. [Ru sacrifice]
 16523 | IceCv    | Reached ***** piety under Ru
 16546 | IceCv    | Reached skill level 10 in Unarmed Combat
 17124 | IceCv    | Noticed a death yak
 17162 | IceCv    | Killed a death yak
 17214 | IceCv    | Gained mutation: Your thick and shaggy fur keeps you warm.
                  | (AC +3, rC+) [Felid growth]
 17214 | IceCv    | Reached XP level 12. HP: 30/53 MP: 3/20
 17487 | IceCv    | Noticed a frost giant
 18045 | Lair:2   | Found a staircase to the Shoals.
 18126 | Lair:2   | Reached skill level 11 in Dodging
 18476 | Lair:3   | Found a staircase to the Snake Pit.
 19436 | Lair:4   | Gained mutation: You are somewhat unskilled. (-1 Apt) [Ru
                  | sacrifice]
 19436 | Lair:4   | Reduced skill Dodging to level 10
 19436 | Lair:4   | Reduced skill Unarmed Combat to level 10
 19436 | Lair:4   | Reached ****** piety under Ru
 19577 | Lair:4   | Reached skill level 11 in Dodging
 20075 | Lair:4   | Reached XP level 13. HP: 44/60 MP: 2/20
 20937 | Lair:5   | HP: 2/58 [lindwurm/blast of flame (34)]
 21201 | Lair:5   | Reached skill level 10 in Fighting
 21274 | Lair:5   | Reached skill level 10 in Stealth
 21346 | Lair:5   | Reached skill level 12 in Dodging
 21606 | Lair:5   | Reached skill level 13 in Dodging
 21795 | Lair:6   | Entered Level 6 of the Lair of Beasts
 21804 | Lair:6   | Reached skill level 14 in Dodging
 21906 | Lair:6   | Found a staircase to the Slime Pits.
 22138 | Lair:5   | Reached skill level 15 in Dodging
 22424 | Lair:6   | Reached XP level 14. HP: 66/66 MP: 13/21
 22692 | Lair:6   | Reached skill level 16 in Dodging
 23399 | Lair:6   | HP: 1/66 [acid (9)]
 24968 | D:10     | Reached skill level 5 in Spellcasting
 25967 | D:11     | Reached skill level 10 in Translocations
 26498 | D:11     | Found a staircase to the Orcish Mines.
 27022 | D:11     | You fall into a shaft and drop 2 floors!
 27673 | Orc:1    | Entered Level 1 of the Orcish Mines
 27677 | Orc:1    | Reached skill level 5 in Evocations
 28145 | Orc:1    | You fall into a shaft and drop 1 floor!
 28145 | Orc:2    | Entered Level 2 of the Orcish Mines
 28965 | Orc:2    | Found Qeihur's Book Shop.
 29140 | Orc:2    | Found Saxuriyz's Jewellery Shop.
 29501 | Orc:2    | Reached XP level 15. HP: 69/69 MP: 13/25
 29768 | Orc:2    | Found a staircase to the Elven Halls.
 29960 | Orc:2    | Found Asmumib's Magic Scroll Emporium.
 29986 | Orc:2    | Bought the ring of Peuxkuot {rPois rN+ Will+ Str+5} for 662
                  | gold pieces
 29994 | Orc:2    | Found Fetorgh's Assorted Antiques.
 30014 | Orc:2    | Bought a scroll of blinking for 225 gold pieces
 30014 | Orc:2    | Bought a scroll labelled KYKORPH DITS for 30 gold pieces
 30014 | Orc:2    | Bought a potion of heal wounds for 150 gold pieces
 30181 | Orc:2    | Bought a scroll of magic mapping for 49 gold pieces
 30181 | Orc:2    | Bought a scroll of fear for 49 gold pieces
 30181 | Orc:2    | Bought a scroll of identify for 28 gold pieces
 30181 | Orc:2    | Bought a scroll of magic mapping for 49 gold pieces
 30181 | Orc:2    | Bought 3 scrolls of blinking for 315 gold pieces
 30181 | Orc:2    | Bought a scroll of identify for 28 gold pieces
 30181 | Orc:2    | Bought a scroll of identify for 28 gold pieces
 30213 | Orc:2    | Upgraded the game from 0.27-a0-380-g150de4c316 to
                  | 0.27-a0-385-g3208abaabc
 32355 | D:14     | Found a gate to the Vaults.
 34026 | D:15     | Entered Level 15 of the Dungeon
 34278 | D:15     | Found a staircase to the Depths.
 34703 | Snake:1  | Entered Level 1 of the Snake Pit
 35107 | Snake:1  | Reached skill level 15 in Unarmed Combat
 35315 | Snake:1  | Reached XP level 16. HP: 34/70 MP: 1/26
 36418 | Snake:1  | Upgraded the game from 0.27-a0-385-g3208abaabc to
                  | 0.27-a0-488-g88baaf19db
 36418 | Snake:1  | Quit the game

Illustrated notes

Levels and vault maps discovered:
D:1:      amcnicky_arrival_gap_in_the_tavern_cellar, layout_rooms
D:2:      layout_loops_ring, minmay_box_of_dots, uniq_sigmund
D:3:      layout_loops_ring, marbit_many_paths
D:4:      layout_rooms, minmay_temple_entry_gardened_gates
D:5:      layout_basic, serial_shops, nicolae_shop_behind_doors,
          minmay_fractal_squares_5
D:6:      layout_loops_ring, grunt_temple_overflow_open, hangedman_glass_teeth,
          hangedman_decor_riveting, hangedman_decor_diamond_cutter,
          uniq_crazy_yiuf_cottage, uniq_pikel
D:7:      layout_loops_ring, minivault_23, glass_columns_a,
          fedhas_bush_and_centaur_altar
D:8:      layout_loops_ring, nicolae_tso_carved_into_rock, lair_entry_dummy
D:9:      layout_stronghold, nicolae_overflow_crystal_walls
D:10:     layout_rooms, enter_bailey_3
D:11:     layout_cave_pools, erik_orc_2, minmay_between
D:12:     minmay_s_stair_smasher, layout_loops_ring
D:13:     layout_basic
D:14:     layout_stronghold, david_vaults_1, corexii_leaking_fountain
D:15:     hangedman_depths_entry_civil_slaughter, layout_gridville,
          enter_trove_2, kennysheep_crisscross
Temple:   regret_index_temple_generic_petals
Lair:1:   gammafunk_lair_enchanted_lake, layout_regular_city
Lair:2:   layout_small_grid, minmay_shoals_entry_hut, gauntlet_entry_generic,
          grunt_megastairs_4, minmay_lair_oklob_chamber, lemuel_fruit_tree
Lair:3:   layout_loops_ring, guppyfry_snake_entry_island,
          portal_ice_cave_demonic_guard, serial_bayou_shore_a
Lair:4:   layout_gridlike, grunt_megastairs_3
Lair:5:   beast_lair_carwin_large_4, layout_gridlike, minmay_lair_drake_nest
Lair:6:   due_jungle_book, layout_regular_city, slime_dummy,
          infiniplex_staircase_pool_2
Snake:1:  layout_basic, drop_trap, grunt_ministairs_8
Orc:1:    layout_caves
Orc:2:    st_orc_open, layout_caves

Skill      XL: |  1  2  3  4  5  6  7  8  9 10 11 12 13 14 15 |
---------------+----------------------------------------------+-----
Stealth        | 1 2 3 6 9 10 | 10.0
Fighting       | 3 4 6 9 10 | 10.0
Unarmed Combat | 3 4 5 8 11 10 11 15 | 15.7
Translocations | 5 6 9 10 9 10 | 10.2
Spellcasting   | 3 5 4 6 |  6.0
Hexes          | 4 5 8 7 9 |  9.2
Ice Magic      | 1 2 4 3 |  3.6
Evocations     | 3 2 5 |  5.0
Dodging        | 4 8 10 11 15 16 | 16.0
Conjurations   | 1 4 3 |  3.6

Action                   |  1- 3 |  4- 6 |  7- 9 | 10-12 | 13-15 | 16-18 || total
-------------------------+-------+-------+-------+-------+-------+-------++-------
Melee: Unarmed           |   167 |   324 |   380 |  1009 |  1607 |   113 ||  3600
       Bite              |    19 |    35 |    32 |   133 |   220 |    26 ||   465
       Punch             |     1 |     6 |    13 |    38 |   111 |     8 ||   177
 Cast: Teleport Other    |       |     3 |     4 |     3 |    18 |       ||    28
       Manifold Assault  |       |     2 |    52 |    20 |   118 |     4 ||   196
       Ensorcelled Hiber |       |       |    32 |    54 |   140 |    15 ||   241
       Tukima's Dance    |       |       |    11 |       |       |       ||    11
       Blink             |       |       |     1 |     2 |     2 |     1 ||     6
       Confusing Touch   |       |       |       |    47 |    33 |     9 ||    89
       Dazzling Flash    |       |       |       |    27 |    41 |       ||    68
Invok: Sacrifice Words   |       |       |     1 |       |       |       ||     1
       Sacrifice Love    |       |       |     1 |       |       |       ||     1
       Draw Out Power    |       |       |       |     1 |       |     1 ||     2
       Sacrifice Courage |       |       |       |     1 |       |       ||     1
       Apocalypse        |       |       |       |     3 |    15 |       ||    18
       Sacrifice an Eye  |       |       |       |     1 |       |       ||     1
       Power Leap        |       |       |       |     1 |     5 |       ||     6
       Sacrifice Skill   |       |       |       |     1 |       |       ||     1
 Abil: Evoke Flight      |       |       |       |     1 |       |       ||     1
Evoke: Wand              |       |     7 |    10 |    20 |    20 |     2 ||    59
       Condenser vane    |       |       |       |     1 |     2 |       ||     3
  Use: Scroll            |     2 |     9 |     6 |     4 |    10 |     1 ||    32
       Potion            |       |       |       |     1 |     3 |       ||     4
 Stab: Sleeping          |     5 |     8 |    26 |    42 |    81 |     1 ||   163
       Distracted        |     1 |     3 |     4 |     6 |     9 |     2 ||    25
       Petrified         |       |     3 |     1 |       |       |       ||     4
       Petrifying        |       |     1 |       |       |       |       ||     1
       Paralysed         |       |       |     2 |     3 |    34 |     2 ||    41
       Invisible         |       |       |     1 |    27 |    22 |       ||    50
       Confused          |       |       |       |    40 |    25 |     7 ||    72
Armor: Skin              |     4 |    12 |     5 |    18 |    43 |     2 ||    84
Dodge: Dodged            |   125 |   225 |   259 |   954 |  1288 |    81 ||  2932

Table legend: (Time is in decaauts)
 A = Elapsed time spent in this place.
 B = Non-inter-level travel time spent in this place.
 C = Inter-level travel time spent in this place.
 D = Time resting spent in this place.
 E = Time spent auto-exploring this place.
 F = Levels seen in this place.
 G = Mean time per level.
                   A        B        C        D        E       F      G
               +--------+--------+--------+--------+--------+-----+--------+
         Total |  31669 |  30293 |   1376 |   5167 |  13773 |  27 | 1172.9 |
       Dungeon |  17875 |  17130 |    745 |   3287 |   7379 |  15 | 1191.7 |
        Temple |    242 |    174 |     68 |      0 |    156 |   1 |  242.0 |
          Lair |   7802 |   7337 |    465 |    579 |   4111 |   6 | 1300.3 |
     Snake Pit |   1474 |   1459 |     15 |    479 |    576 |   1 | 1474.0 |
  Orcish Mines |   2130 |   2048 |     82 |    231 |   1114 |   2 | 1065.0 |
        Bailey |    909 |    909 |      0 |    246 |    193 |   1 |  909.0 |
      Ice Cave |   1235 |   1235 |      0 |    343 |    241 |   1 | 1235.0 |
               +--------+--------+--------+--------+--------+-----+--------+

Top non-repeatable levels by time:
  Lair:6: 2297 daAuts
     D:9: 2058 daAuts
     D:2: 1822 daAuts
    D:14: 1705 daAuts
     D:1: 1652 daAuts
 Snake:1: 1474 daAuts
   Orc:2: 1464 daAuts
    D:11: 1442 daAuts
  Lair:5: 1441 daAuts
     D:8: 1266 daAuts
   IceCv: 1235 daAuts
     D:3: 1141 daAuts
  Lair:4: 1137 daAuts
    D:10: 1105 daAuts
  Lair:2: 1099 daAuts
